 Dungeon Crawl Stone Soup version 0.18.1-5-g4a78601 (webtiles) character file.

75 GordonOverkill the Conjurer (level 4, 0/33 HPs)
             Began as a Draconian Fire Elementalist on May 14, 2016.
             Succumbed to an adder's poison
             ... on level 2 of the Dungeon.
             The game lasted 00:07:38 (1730 turns).

GordonOverkill the Conjurer (DrFE)                  Turns: 1730, Time: 00:07:39

Health: 0/33       AC:  6    Str: 10    XL:     4   Next: 11%
Magic:  5/7        EV: 12    Int: 17    God:
Gold:   14         SH:  0    Dex: 11    Spells: 1 memorised, 6 levels left

rFire  . . .     SeeInvis .     e - +0 spear
rCold  . . .     Gourm    .     (armour unavailable)
rNeg   . . .     Faith    .     (no shield)
rPois  .         Spirit   .     (helmet restricted)
rElec  .         Dismiss  .     (no cloak)
rCorr  .         Reflect  .     (no gloves)
SustAt .         Harm     .     h - +0 pair of boots
MR     .....                    (no amulet)
Stlth  ++........               (no ring)
                                (no ring)

@: lethally poisoned (0 -> -4), very slightly contaminated, not resistant to
hostile enchantments, unstealthy
A: unfitting armour, cold-blooded, AC +5
a: no special abilities


You were on level 2 of the Dungeon.
You were not hungry.

You visited 1 branch of the dungeon, and saw 2 of its levels.

You collected 14 gold pieces.

Inventory:

Hand Weapons
 e - a +0 spear (weapon)
Armour
 h - a +0 pair of boots (worn)
Scrolls
 f - a scroll of enchant armour {unknown}
 g - a scroll of teleportation {unknown}
 i - 2 scrolls of identify {unknown}
 j - a scroll of immolation {unknown}
Books
 a - a book of Flames

   Spells                             Type                      Level
   a - Flame Tongue                   Conjuration/Fire             1
   b - Throw Flame                    Conjuration/Fire             2
   c - Conjure Flame                  Conjuration/Fire             3
   d - Inner Flame                    Hexes/Fire                   3
   e - Sticky Flame                   Conjuration/Fire             4
   f - Fireball                       Conjuration/Fire             5
Comestibles
 b - a bread ration
 d - 3 beef jerkies


   Skills:
 - Level 1.7 Dodging
 - Level 1.7 Stealth
 - Level 2.0 Spellcasting
 + Level 4.0 Conjurations
 - Level 3.0 Fire Magic


You had 6 spell levels left.
You knew the following spells:

 Your Spells              Type           Power        Failure   Level  Hunger
a - Flame Tongue          Conj/Fire      ##...        4%          1    #......


Dungeon Overview and Level Annotations

Branches:
Dungeon (2/15)

Altars:


Innate Abilities, Weirdness & Mutations

Your plain brown scales are hard (AC +5).
Your body does not fit into most forms of armour.
You are cold-blooded and may be slowed by cold attacks.


Message History

It was a potion of magic.
Magic courses through your body.
* * * LOW HITPOINT WARNING * * *
You feel sick. The adder closely misses you.
Casting: Flame Tongue
Confirm with . or Enter, or press ? or * to list all spells.
Aiming: Flame Tongue
Press: ? - help, Shift-Dir - straight line, f/p - adder
Aim: an adder (almost dead)
The flame tongue hits the adder.
You kill the adder!
Your Conjurations skill increases to level 4!
You have reached level 4!
You feel clever.
* * * LOW HITPOINT WARNING * * *
You feel sick.
You see here an adder corpse.
You butcher the adder corpse.
Things that are here:
2 chunks of flesh; an adder skeleton You die...

#........# #........#
#........#
#.......$########
#....†(.(.......#+####
........(..J...........
....(......(g..........
....#############......
...##%@.....## #......
.) #.8#####8.# #......
$ #.## ##.# ###.... #$#
#(####....<# #.+
#(..##.....# #.#
#.#.())..... #.#
#.####...... #.8 8.#
#...... ##. ..##
#.....#


There were no monsters in sight!

Vanquished Creatures
  3 adders
  2 oozes
  A dart slug (D:1)
  7 bats
  A giant cockroach (D:1)
  3 goblins (D:1)
  10 hobgoblins
  A jackal (D:2)
  4 kobolds
  A ball python (D:1)
  2 giant newts (D:1)
  3 rats (D:1)
38 creatures vanquished.

Notes
Turn   | Place    | Note
--------------------------------------------------------------
     0 | D:1      | GordonOverkill the Draconian Fire Elementalist began the quest for the Orb.
     0 | D:1      | Reached XP level 1. HP: 14/14 MP: 3/3
   480 | D:1      | Reached skill level 2 in Conjurations
   545 | D:1      | Reached XP level 2. HP: 20/20 MP: 1/5
  1173 | D:1      | Reached skill level 3 in Conjurations
  1180 | D:1      | Reached XP level 3. HP: 23/26 MP: 2/6
  1726 | D:2      | HP: 1/26 [poisoned by an adder]
  1727 | D:2      | Reached skill level 4 in Conjurations
  1727 | D:2      | Reached XP level 4. HP: 2/33 MP: 5/7
  1730 | D:2      | Succumbed to an adder's poison

Skill      XL: |  1  2  3 |
---------------+----------+-----
Conjurations   | 2 3 4 |  4.0
Dodging        | |  1.7
Stealth        | |  1.7
Spellcasting   | |  2.0
Fire Magic     | |  3.0

Action                   |  1- 3 |  4- 6 || total
-------------------------+-------+-------++-------
Melee: Spear             |    61 |       ||    61
       Tailslap          |     4 |       ||     4
 Cast: Flame Tongue      |    61 |     1 ||    62
  Use: Potion            |     1 |       ||     1
 Stab: Sleeping          |     1 |       ||     1
  Eat: Chunk             |     4 |       ||     4
Armor: Skin              |    56 |       ||    56
Dodge: Dodged            |    74 |       ||    74
